 Dungeon Crawl Stone Soup version 0.31-a0-963-ga325b2283a (webtiles) character file.

Game seed: 15132496298121803012

116 BinkBink the Trooper (level 5, -1/42 HPs)
             Began as a Formicid Monk on Oct 24, 2023.
             Slain by Terence
             ... wielding a +0 hand axe
              (6 damage)
             ... on level 3 of the Dungeon.
             The game lasted 00:03:15 (2006 turns).

BinkBink the Trooper (Formicid Monk)                Turns: 2006, Time: 00:03:16

Health: -1/42      AC:  2    Str: 15    XL:     5   Next: 21%
Magic:  5/5        EV: 11    Int: 10    God:
Gold:   133        SH:  8    Dex: 18    Spells: 4/4 levels left

rFire   . . .        a - +0 hand axe
rCold   . . .        h - +0 kite shield
rNeg    . . .        b - +0 robe
rPois   +            (helmet unavailable)
rElec   .            p - scarf {repulsion}
rCorr   .            (no gloves)
SInv    +            (no boots)
Will    .....        (no amulet)
Stlth   ++           j - ring of poison resistance
HPRegen 0.27/turn    (no ring)
MPRegen 0.09/turn

%: repel missiles
@: no status effects
A: permanent stasis, dig shafts and tunnels, antennae 3, four strong arms
a: Dig, Shaft Self


You were on level 3 of the Dungeon.
You visited 1 branch of the dungeon, and saw 3 of its levels.

You collected 133 gold pieces.

Inventory:

Hand Weapons
 a - a +0 hand axe (weapon)
Armour
 b - a +0 robe (worn)
 d - an orb of light
 h - a +0 kite shield (worn)
 p - a scarf of repulsion (worn)
Jewellery
 j - a ring of poison resistance (left hand)
Scrolls
 e - 2 scrolls of enchant weapon {unknown}
 f - 3 scrolls of teleportation {unknown}
 g - a scroll of vulnerability {unknown}
 i - a scroll of fog {unknown}
 k - a scroll of enchant armour {unknown}
 m - a scroll of identify {unknown}
 o - a scroll of acquirement {unknown}
Potions
 l - a potion of enlightenment {unknown}
 n - a potion of might {unknown}


   Skills:
 + Level 4.1 Fighting
 + Level 3.7 Axes
 + Level 2.1 Armour
 + Level 3.4 Dodging
 + Level 0.0 Shields


You had 4 spell levels left.
You didn't know any spells.
Your spell library contained the following spells:

 Spells                   Type           Power      Damage    Failure   Level
 Lesser Beckoning         Tloc           0%         N/A       91%         2
 Gell's Gravitas          Tloc           0%         N/A       99%         3
 Inner Flame              Hex/Fire       0%         N/A       99%         3
 Teleport Other           Tloc           0%         N/A       99%         3
 Cause Fear               Hex            0%         N/A       100%        4
 Fireball                 Conj/Fire      0%         3d3       100%        5
 Yara's Violent Unravell  Hex/Tmut       0%         3d3       100%        5
 Enfeeble                 Hex            0%         N/A       100%        7
 Dragon's Call            Summ           0%         N/A       100%        9


Dungeon Overview and Level Annotations

Branches:
Dungeon (3/15)

Altars:

Annotations:
D:3 Ijyb, Terence


Innate Abilities, Weirdness & Mutations

You cannot be hasted, slowed, berserked, paralysed or teleported.
You can dig through walls and to a lower floor.
You have a pair of large antennae on your head. (SInv)
Your four strong arms can wield two-handed weapons with a shield.


Message History

Terence is heavily wounded.
Terence hits you with a +0 hand axe.
You hit Terence.
Terence is heavily wounded.
You feel less invigorated.
You feel less confused. Terence hits you with a +0 hand axe!
Terence closely misses you.
You barely miss Terence.
Terence is heavily wounded.
You hear the rusting of a very distant drain.
Terence completely misses you.
You barely miss Terence.
Terence is heavily wounded.
You block Terence's attack.
You hit Terence but do no damage.
Terence is heavily wounded.
Terence hits you with a +0 hand axe! Terence hits you but does no damage.
You hit Terence but do no damage.
Terence is heavily wounded.
Terence barely misses you.
You hit Terence but do no damage.
Terence is heavily wounded.
Terence hits you with a +0 hand axe.
* * * LOW HITPOINT WARNING * * *
You hit Terence but do no damage.
Terence is heavily wounded.
Terence hits you with a +0 hand axe.
* * * LOW HITPOINT WARNING * * *
You block Terence's attack.
You barely miss Terence.
Terence is heavily wounded.
Terence hits you with a +0 hand axe.
* * * LOW HITPOINT WARNING * * *
You barely miss Terence.
Terence is heavily wounded.
You block Terence's attack.
You completely miss Terence.
Terence is heavily wounded.
Terence hits you with a +0 hand axe.
You die...

########..).#.
....
.............
...#
..#####.##.##
....#
#.###...##.# #...
#.##..###..#
..##... ##.##.##
.##
...$.####.....# .
#...†....#### #.
#..@#....†.#
#...@..###.#
#....#.....#
#...=...)..#.....
#...##..#..# #.#.
#...# ##>.....
... ..#. #
##.....#### ##
..# .## .......
.##. .##{.#
#.......


You could see Terence.

Vanquished Creatures
  6 adders (D:2)
  A worm (D:2)
  A dart slug (D:2)
  An orc (D:3)
  6 bats
  4 endoplasms
  A giant cockroach (D:1)
  5 goblins
  5 hobgoblins
  3 jackals (D:1)
  4 quokkas (D:1)
  7 ball pythons
  A frilled lizard (D:1)
  5 kobolds
  5 rats
55 creatures vanquished.

Notes
Turn   | Place    | Note
-------+----------+-------------------------------------------
     0 | D:1      | BinkBink the Formicid Monk began the quest for the Orb.
     0 | D:1      | Reached XP level 1. HP: 18/18 MP: 1/1
   181 | D:1      | Reached XP level 2. HP: 24/24 MP: 2/2
   387 | D:1      | Reached skill level 1 in Armour
   446 | D:1      | Reached XP level 3. HP: 25/29 MP: 3/3
  1154 | D:2      | Reached XP level 4. HP: 25/37 MP: 4/4
  1308 | D:2      | Reached skill level 4 in Fighting
  1554 | D:2      | Found a faded altar of an unknown god.
  1562 | D:2      | Reached XP level 5. HP: 42/42 MP: 5/5
  1846 | D:3      | Noticed Terence
  1846 | D:3      | Noticed Ijyb
  2006 | D:3      | Slain by Terence

Illustrated notes

Levels and vault maps discovered:
D:1:      kennysheep_arrival_forest, layout_loops_corners
D:2:      layout_rooms, basic_ecumenical_altar, grunt_ministairs_8,
          minmay_randomly_rotated_circles
D:3:      layout_rooms, serial_shops, nicolae_shop_just_a_little_nook,
          portal_sewer_entry_e, uniq_terence, uniq_ijyb

Skill      XL: |  1  2  3  4 |
---------------+-------------+-----
Armour         | 1 2 |  2.1
Dodging        | 3 |  3.4
Fighting       | 4 |  4.1
Axes           | |  3.7

Action                     |  1- 3 |  4- 6 || total
---------------------------+-------+-------++-------
  Melee: Hand axe          |    99 |    97 ||   196
    Use: Potion            |       |     1 ||     1
 Armour: Robe              |    50 |    52 ||   102
  Dodge: Dodged            |    89 |    58 ||   147
  Block: Kite shield       |       |     5 ||     5

Table legend: (Time is in decaauts)
 A = Elapsed time spent in this place.
 B = Non-inter-level travel time spent in this place.
 C = Inter-level travel time spent in this place.
 D = Time resting spent in this place.
 E = Time spent auto-exploring this place.
 F = Levels seen in this place.
 G = Mean time per level.
                   A        B        C        D        E       F      G
               +--------+--------+--------+--------+--------+-----+--------+
         Total |   2034 |   1896 |    138 |    105 |   1344 |   3 |  678.0 |
       Dungeon |   2034 |   1896 |    138 |    105 |   1344 |   3 |  678.0 |
               +--------+--------+--------+--------+--------+-----+--------+

Top non-repeatable levels by time:
     D:1: 1006 daAuts
     D:2: 904 daAuts
     D:3: 123 daAuts
